 Dungeon Crawl Stone Soup version 0.30-a0-852-g08b95dd62f (webtiles) character file.

Game seed: 9535942963690467788

1603 cforsyth the Thaumaturge (level 8, -1/41 HPs)
             Began as a Deep Elf Earth Elementalist on Mar 5, 2023.
             Slain by an orc
             ... wielding a +0 flail
              (2 damage)
             ... on level 5 of the Dungeon.
             The game lasted 00:06:42 (5069 turns).

cforsyth the Thaumaturge (DEEE)                     Turns: 5069, Time: 00:06:43

Health: -1/41      AC:  2    Str:  5    XL:     8   Next: 63%
Magic:  32/33      EV: 12    Int: 23    God:
Gold:   330        SH:  0    Dex: 15    Spells: 24/28 levels left

rFire   . . .      SeeInvis .    (no weapon)
rCold   . . .      Faith    .    (no shield)
rNeg    . . .      Spirit   .    a - +0 robe
rPois   .          Reflect  .    (no helmet)
rElec   .          Rampage  .    (no cloak)
rCorr   .                        (no gloves)
Will    .....                    (no boots)
Stlth   ++                       (no amulet)
HPRegen 0.26/turn                g - ring of magical power
MPRegen 0.23/turn                (no ring)

@: lethally poisoned (-1 -> -15), attractive
A: no striking features
a: no special abilities


You were on level 5 of the Dungeon.
You visited 2 branches of the dungeon, and saw 7 of its levels.

You collected 330 gold pieces.

Inventory:

Armour
 a - a +0 robe (worn)
Jewellery
 g - a ring of magical power (left hand)
 n - a ring of fire
 u - a ring of ice
Scrolls
 c - 2 scrolls of fear {unknown}
 d - a scroll of fog {unknown}
 f - a scroll of vulnerability {unknown}
 h - 2 scrolls of magic mapping {unknown}
 j - a scroll of teleportation {unknown}
 k - a scroll of butterflies {unknown}
 l - a scroll of enchant armour {unknown}
 m - a scroll of silence {unknown}
 o - a scroll of amnesia {unknown}
 r - 2 scrolls of poison {unknown}
 t - 6 scrolls of identify {unknown}
 v - a scroll of immolation {unknown}
Potions
 b - a potion of magic
 e - 3 potions of curing {unknown}
 i - 4 potions of haste
 p - a potion of heal wounds {unknown}
 q - 2 potions of degeneration {unknown}
 s - 2 potions of attraction
 w - a potion of cancellation {unknown}
 x - a potion of brilliance {unknown}
 z - a potion of flight {unknown}


   Skills:
 - Level 2.4 Dodging
 - Level 2.4 Stealth
 + Level 10.5 Spellcasting
 - Level 1.1 Transmutations
 + Level 9.1 Earth Magic


You had 24 spell levels left.
You knew the following spells:

 Your Spells              Type           Power      Damage    Failure   Level
a - Sandblast             Erth           100%       2d20      1%          1
b - Stone Arrow           Conj/Erth      66%        3d11      2%          3

Your spell library contained the following spells:

 Spells                   Type           Power      Damage    Failure   Level
 Passwall                 Tmut/Erth      29%        N/A       1%          2
 Slow                     Hex            48%        N/A       5%          1
 Petrify                  Tmut/Erth      35%        N/A       6%          4
 Dazzling Flash           Conj/Hex       24%        N/A       16%         3
 Iskenderun's Mystic Bla  Conj/Tloc      12%        2d5       47%         4
 Summon Mana Viper        Hex/Summ       12%        N/A       83%         5
 Starburst                Conj/Fire      6%         6d4       100%        6
 Enfeeble                 Hex            6%         N/A       100%        7


Dungeon Overview and Level Annotations

Branches:
Dungeon (6/15)             Temple (1/1) D:4

Altars:
Ashenzari
Cheibriados
Dithmenos
Fedhas
Gozag
Hepliaklqana
Makhleb
Nemelex Xobeh
Okawaru
Qazlal
Sif Muna
Trog
Uskayaw
Wu Jian
Xom
Yredelemnul
Zin
The Shining One

Annotations:
D:5 3 runed translucent doors, 2 transporters, Selderis's ghost, novice GnTm


Message History

The water moccasin hisses angrily.
The blast of sand hits the water moccasin!!
The water moccasin is severely wounded.
The blast of sand hits the water moccasin!!
You kill the water moccasin!
The orc shouts!
The scorpion closely misses you.
Your Earth Magic skill increases to level 9!
The blast of sand hits the scorpion!
The scorpion is severely wounded.
The orc shouts!
The scorpion stings you.
You are poisoned.
The scorpion poisons you! The orc closely misses you. The scorpion stings you.
You are more poisoned.
The scorpion poisons you!
You feel very sick.
An orc comes into view. It is wielding a +0 short sword.
You feel very sick. The orc attacks as you move away!
The orc barely misses you.
You feel very sick. The scorpion stings you.
There is an escape hatch in the ceiling, spattered with blood here.
You feel very sick. The orc hits you with a +0 flail.
* * * LOW HITPOINT WARNING * * *
The scorpion stings you.
* * * LOW HITPOINT WARNING * * *
You are more poisoned.
The scorpion poisons you! A mysterious force pulls you upwards.
The hatch slams shut behind you.
Level annotation: 3 runed translucent doors, 2 transporters, Selderis's ghost, novice GnTm
* * * LOW HITPOINT WARNING * * *
You feel very sick.
It was a potion of attraction.
You feel attractive to monsters.
* * * LOW HITPOINT WARNING * * *
You feel very sick. The orc hits you with a +0 flail.
You die...

............#..#.#..#.....#
#.########..#..$$...#.....#
>..#######..#.......#.....#
#.).....#...#########.....#
#.#...............(.......#
#.#....##.................#
.......##.................#
#.#....##.......##........#
#.#.....#.......@s........#
.......[........o.........#
#...................#######
....................#
................#####
................#
................#
...............##
........#.....##


You could see a scorpion and an orc.

Vanquished Creatures
  Pikel (D:6)
  2 water moccasins (D:6)
  A black bear (D:4)
  An ogre (D:6)
  A centaur (D:6)
  A lemure (D:6)
  A kobold brigand (D:6)
  A scorpion (D:6)
  3 jellies
  4 hounds
  2 sleepcaps
  2 iguanas
  Robin (D:3)
  10 adders
  An ufetubus (D:6)
  3 worms (D:4)
  A dart slug (D:3)
  7 orcs
  9 endoplasms
  3 giant cockroaches
  18 goblins
  11 hobgoblins
  5 quokkas
  5 ball pythons
  5 bats
  3 frilled lizards
  10 kobolds
  5 rats
117 creatures vanquished.

Notes
Turn   | Place    | Note
-------+----------+-------------------------------------------
     0 | D:1      | cforsyth the Deep Elf Earth Elementalist began the quest
                  | for the Orb.
     0 | D:1      | Reached XP level 1. HP: 10/10 MP: 6/6
   190 | D:1      | Reached XP level 2. HP: 15/15 MP: 5/8
   711 | D:1      | Reached skill level 4 in Spellcasting
   820 | D:2      | Reached XP level 3. HP: 19/19 MP: 8/10
  1242 | D:2      | Got the Octavo of Spellbinding
  1638 | D:3      | Reached XP level 4. HP: 24/24 MP: 12/12
  1669 | D:3      | Noticed Robin
  1695 | D:3      | Killed Robin
  1863 | D:3      | Reached skill level 5 in Spellcasting
  2290 | D:3      | Found a faded altar of an unknown god.
  2487 | D:4      | Found a staircase to the Ecumenical Temple.
  2489 | D:4      | Reached skill level 5 in Earth Magic
  2496 | Temple   | Entered the Ecumenical Temple
  2619 | D:4      | Noticed a black bear
  2623 | D:4      | Killed a black bear
  2624 | D:4      | Reached skill level 6 in Spellcasting
  2624 | D:4      | Reached XP level 5. HP: 28/28 MP: 15/15
  2839 | D:4      | Identified the +0 leather armour of Love and Death {rN++
                  | Int+3}
  2862 | D:4      | Reached XP level 6. HP: 32/32 MP: 17/17
  3014 | D:4      | HP: 1/32 [frozen (1)]
  3767 | D:4      | You fall into a shaft and drop 1 floor!
  3767 | D:5      | Entered Level 5 of the Dungeon
  3786 | D:5      | Found a runed translucent gate.
  3786 | D:5      | Found a runed translucent gate.
  3786 | D:5      | Found a runed translucent gate.
  3788 | D:5      | Noticed a wraith
  3789 | D:5      | Noticed Selderis's ghost (novice GnTm)
  4039 | D:5      | Found a transporter.
  4047 | D:5      | Reached skill level 7 in Spellcasting
  4068 | D:5      | Found a transporter.
  4360 | D:6      | Reached XP level 7. HP: 36/36 MP: 20/20
  4454 | D:6      | Reached skill level 8 in Spellcasting
  4502 | D:6      | Noticed Pikel
  4508 | D:6      | Killed Pikel
  4509 | D:6      | Reached skill level 9 in Spellcasting
  4509 | D:6      | Reached XP level 8. HP: 30/41 MP: 23/23
  4682 | D:5      | Learned a level 3 spell: Stone Arrow
  4733 | D:6      | Reached skill level 10 in Spellcasting
  5069 | D:5      | HP: 1/41 [poisoned by a scorpion]
  5069 | D:5      | Slain by an orc

Illustrated notes

Levels and vault maps discovered:
D:1:      dpeg_arrival_shelter, layout_loops_ring, minmay_misc_feat_doors
D:2:      layout_loops_cross, minivault_26
D:3:      layout_basic, dilly_ecumenical_altar_fadedgnrine, uniq_robin
D:4:      layout_basic, minmay_temple_entry_statues_fountains,
          serial_park_tiny_1, wad_orctagon
D:5:      gammafunk_wand_slinger, layout_rooms, gammafunk_ghost_split
D:6:      layout_basic, serial_shops, nicolae_inconvenience_store, uniq_pikel
Temple:   compressed_dpeg_circular_temple

Skill      XL: |  1  2  3  4  5  6  7  8 |
---------------+-------------------------+-----
Spellcasting   | 4 6 7 9 10 | 10.5
Earth Magic    | 4 5 6 8 9 |  9.1
Dodging        | |  2.4
Stealth        | |  2.4
Transmutations | |  1.1

Action                     |  1- 3 |  4- 6 |  7- 9 || total
---------------------------+-------+-------+-------++-------
  Melee: Unarmed           |     1 |     2 |       ||     3
   Cast: Sandblast         |    59 |    89 |    34 ||   182
    Use: Potion            |       |       |     1 ||     1
   Stab: Distracted        |       |     1 |       ||     1
 Armour: Robe              |     2 |     2 |     3 ||     7
  Dodge: Dodged            |     9 |    34 |    12 ||    55

Table legend: (Time is in decaauts)
 A = Elapsed time spent in this place.
 B = Non-inter-level travel time spent in this place.
 C = Inter-level travel time spent in this place.
 D = Time resting spent in this place.
 E = Time spent auto-exploring this place.
 F = Levels seen in this place.
 G = Mean time per level.
                   A        B        C        D        E       F      G
               +--------+--------+--------+--------+--------+-----+--------+
         Total |   5161 |   4979 |    182 |    419 |   3798 |   7 |  737.3 |
       Dungeon |   5071 |   4904 |    167 |    419 |   3741 |   6 |  845.2 |
        Temple |     89 |     74 |     15 |      0 |     57 |   1 |   89.0 |
               +--------+--------+--------+--------+--------+-----+--------+

Top non-repeatable levels by time:
     D:4: 1457 daAuts
     D:3: 906 daAuts
     D:1: 825 daAuts
     D:2: 763 daAuts
     D:6: 648 daAuts
     D:5: 470 daAuts
  Temple: 89 daAuts
